 Dungeon Crawl Stone Soup version 0.19-a0-1889-g9c603be (webtiles) character file.

43 Alarkh the Caller (level 3, -4/24 HPs)
             Began as a Mummy Summoner on Oct 17, 2016.
             Slain by a hellwing (6 damage)
             ... summoned by miscasting Call Canine Familiar
             ... on level 2 of the Dungeon.
             The game lasted 00:03:16 (1904 turns).

Alarkh the Caller (Mummy Summoner)                  Turns: 1904, Time: 00:03:17

Health: -4/24      AC:  3    Str: 11    XL:     3   Next: 37%
Magic:  7/7        EV: 12    Int: 15    God:
Gold:   112        SH:  0    Dex: 12    Spells: 2 memorised, 3 levels left

rFire  x . .     SeeInvis .     f - +0 spear
rCold  + . .     Gourm    .     a - +0 robe
rNeg   + + +     Faith    .     (no shield)
rPois  ∞         Spirit   .     i - +0 helmet
rElec  .         Reflect  .     (no cloak)
rCorr  .         Harm     .     (no gloves)
MR     .....                    (no boots)
Stlth  ++........               (no amulet)
                                (no ring)
                                (no ring)

@: very slightly contaminated
A: no food or potions, fire vulnerability, cold resistance 1, negative energy
resistance 3, torment resistance, unbreathing
a: no special abilities


You were on level 2 of the Dungeon.
You were not hungry.

You visited 1 branch of the dungeon, and saw 2 of its levels.

You collected 112 gold pieces.

Inventory:

Hand Weapons
 c - a +0 short sword
 f - a +0 spear (weapon)
Armour
 a - a +0 robe (worn)
 i - a +0 helmet (worn)
Scrolls
 d - 2 scrolls of teleportation
 e - a scroll of identify
 g - a scroll of recharging {unknown}
Books
 b - a book of Callings

   Spells                             Type                      Level
   a - Summon Small Mammal            Summoning                    1
   b - Call Imp                       Summoning                    2
   c - Call Canine Familiar           Summoning                    3
   d - Summon Guardian Golem          Hexes/Summoning              3
   e - Summon Lightning Spire         Summoning/Air                4
   f - Summon Ice Beast               Ice/Summoning                4


   Skills:
 - Level 1.5 Dodging
 - Level 1.5 Stealth
 + Level 2.9 Spellcasting
 + Level 3.8 Summonings


You had 3 spell levels left.
You knew the following spells:

 Your Spells              Type           Power        Failure   Level  Hunger
a - Call Canine Familiar  Summ           ##......     14%         3    N/A
b - Summon Small Mammal   Summ           ##..         4%          1    N/A

Dungeon Overview and Level Annotations

Branches:
Dungeon (2/15)

Altars:
Sif Muna


Innate Abilities, Weirdness & Mutations

You do not eat or drink.
Your flesh is vulnerable to fire.
You are immune to poison.
Your flesh is cold resistant. (rC+)
You are immune to negative energy. (rN+++)
You are immune to unholy pain and torment.
You can survive without breathing.


Message History

You are very lightly contaminated with residual magic.
Something forms from out of thin air!
You closely miss the hellwing. The hellwing closely misses you.
The hellwing barely misses you.
Unknown command.
The hellwing swoops through the air toward you!
The hellwing misses you. x2
The hellwing swoops through the air toward you!
The hellwing hits you. The hellwing barely misses you.
Found a stone staircase leading down.
The hellwing swoops through the air toward you!
The hellwing barely misses you. The hellwing hits you!
The hellwing swoops through the air toward you!
The hellwing hits you! The hellwing closely misses you.
You hit the hellwing.
The hellwing is lightly wounded.
The hellwing barely misses you. The hellwing hits you.
* * * LOW HITPOINT WARNING * * *
The hellwing hits you.
You die...

.#'##[.....#.#......#.....#
.#.##......#.#............#
.[.##......#'#......!.....#
#####.............##......#
###########.......##......#
........###...#######.#..########
.........##...#######..#.........
..................#....#..######.
(.####..........@.#.......#.####.
..####...........4#.w.#...#......
##....................+...#.#####
##.......##...........#...#.#
##....................##..#.#
##................#...##..#.#
##................#...# >...
###########.......##### #.#
#.......# #..


You could see a hellwing.

Vanquished Creatures
  An adder (D:2)
  5 bats
  A giant cockroach (D:1)
  4 goblins
  A hobgoblin (D:1)
  A frilled lizard (D:2)
  3 kobolds
  6 rats
22 creatures vanquished.

Vanquished Creatures (collateral kills)
  An adder (D:2)
  A worm (D:2)
  A dart slug (D:2)
  A giant cockroach (D:1)
  A goblin (D:2)
  2 kobolds (D:1)
  A bat (D:2)
  2 rats
10 creatures vanquished.

Grand Total: 32 creatures vanquished

Notes
Turn   | Place    | Note
-------+----------+-------------------------------------------
     0 | D:1      | Alarkh the Mummy Summoner began the quest for the Orb.
     0 | D:1      | Reached XP level 1. HP: 13/13 MP: 3/3
   482 | D:1      | Reached XP level 2. HP: 4/19 MP: 0/5
  1203 | D:2      | Found a faded altar of an unknown god.
  1223 | D:2      | Became a worshipper of Sif Muna the Loreminder
  1223 | D:2      | Reached * piety under Sif Muna
  1245 | D:2      | Fell from the grace of Sif Muna
  1608 | D:2      | Reached XP level 3. HP: 16/24 MP: 4/7
  1613 | D:2      | Learned a level 3 spell: Call Canine Familiar
  1863 | D:2      | Noticed a hellwing
  1904 | D:2      | Slain by a hellwing

Vault maps used:
D:1:      dpeg_arrival_tiny_h, interstate_on_off, solitary_fountain
D:2:      ecumenical_altar_2, first_bread

Action                   || total
-------------------------++-------
Melee: Short sword       ||    14
       Unarmed           ||     5
       Spear             ||    80
 Cast: Summon Small Mamm ||    29
       Call Canine Famil ||     3
Invok: Renounce Religion ||     1
  Use: Scroll            ||     3
 Stab: Sleeping          ||     2
Armor: Robe              ||    26
Dodge: Dodged            ||    72
